 Dungeon Crawl Stone Soup version 0.27-a0-1140-g099f9bb0e8 (webtiles) character file.

Game seed: 16817559315172639931

0 CurlyBrace the Chiller (level 1, -6/10 HPs)
             Began as a Felid Ice Elementalist on May 10, 2021.
             Mangled by an ogre
             ... wielding a +0 giant club
              (13 damage)
             ... on level 3 of the Dungeon.
             The game lasted 00:01:21 (205 turns).

CurlyBrace the Chiller (Felid Ice Elementalist)      Turns: 205, Time: 00:01:21

Health: -6/10      AC:  1    Str:  4    XL:     1   Next: 8%
Magic:  4/4        EV: 17    Int: 16    God:
Gold:   20         SH:  0    Dex: 16    Spells: 3/4 levels left
                                        Lives:  0   Deaths: 0

rFire    . . .     SeeInvis +   (weapon unavailable)
rCold    . . .     Faith    .   (shield unavailable)
rNeg     . . .     Spirit   .   (armour unavailable)
rPois    .         Reflect  .   (helmet unavailable)
rElec    .         Harm     .   (cloak unavailable)
rCorr    .         Rampage  .   (gloves unavailable)
Will     .....                  (boots unavailable)
Stlth    ..........             (no amulet)
HPRegen  0.03/turn              (no ring)
MPRegen  0.09/turn              (no ring)

@: berserking, very quick
A: very small, claws 1, fangs 3, see invisible, speed 1, shaggy fur 1, stealthy
paws, no weapons or thrown items, no armour, multi-lived
a: no special abilities


You were on level 3 of the Dungeon.
You visited 1 branch of the dungeon, and saw 3 of its levels.

You collected 20 gold pieces.

Inventory:

Potions
 q - a potion of curing


   Skills:
 * Level 0.0 Fighting
 + Level 2.7 Dodging
 + Level 2.7 Stealth
 * Level 0.1 Unarmed Combat
 - Level 2.0 Spellcasting
 - Level 3.6 Ice Magic


You had 3 spell levels left.
You knew the following spells:

 Your Spells              Type           Power      Damage    Failure   Level
a - Freeze                Ice            52%        1d7       4%          1

Your spell library contained the following spells:

 Spells                   Type           Power      Damage    Failure   Level
 Frozen Ramparts          Ice            26%        1d4       14%         3
 Ozocubu's Armour         Ice            13%        N/A       14%         3
 Hailstorm                Conj/Ice       7%         3d4       69%         4
 Metabolic Englaciation   Hex/Ice        3%         N/A       95%         5


Dungeon Overview and Level Annotations

Branches:
Dungeon (3/15)

Altars:
Elyvilon


Innate Abilities, Weirdness & Mutations

You have sharp claws.
You have razor-sharp teeth.
You have supernaturally acute eyesight. (SInv)
You cover ground quickly. (Speed+)
You are covered in fur. (AC +1)
Your paws help you pounce on unaware monsters.
You are incapable of wielding weapons or throwing items.
You cannot wear armour.
You gain extra lives every three experience levels.


Message History

Aiming: Freeze (safe; 4% risk of failure)
Press: ? - help, Shift-Dir - straight line, f/p - rat
Aim: a rat (moderately wounded)
You freeze the rat.
You kill the rat!
Unknown command.
Unknown command.
You see here 7 gold pieces.
You now have 20 gold pieces (gained 7).
You open the door.
You enter the shallow water.
Moving in this stuff is going to be slow.
You open the door.
There is an open door here.
You aren't carrying any scrolls.
It was a potion of curing.
You feel better.
q - a potion of curing
There is an open door here.
Found an escape hatch in the floor.
An ogre comes into view. It is wielding a +0 giant club.
Found a white marble altar of Elyvilon.
A goblin comes into view. It is wielding a +0 dagger.
The goblin shouts!
A quokka comes into view.
The ogre shouts!
The goblin hits you with a +0 dagger.
There is an escape hatch in the floor here.
Really go through this one-way escape hatch?
The ogre closely misses you.
You slide downwards.
The hatch slams shut behind you.
Found a stone staircase leading down.
The ogre barely misses you.
It was a potion of berserk rage.
A red film seems to cover your vision as you go berserk!
You feel yourself moving faster!
You feel mighty!
You claw the ogre! You bite the ogre.
The ogre is heavily wounded.
The ogre hits you with a +0 giant club!
Ouch! That really hurt!
You die...

# .#
######.##
#.......#
#.......#
####.O.....#
#....@.....#
#.##.......#
# #.......#
#..>....#
###.###.# .#
.# .. ..


You could see an ogre.

Vanquished Creatures
  A rat (D:2)
1 creature vanquished.

Notes
Turn   | Place    | Note
-------+----------+-------------------------------------------
     0 | D:1      | CurlyBrace the Felid Ice Elementalist began the quest for
                  | the Orb.
     0 | D:1      | Reached XP level 1. HP: 7/7 MP: 4/4
   192 | D:2      | Found a white marble altar of Elyvilon.
   192 | D:2      | Noticed an ogre
   205 | D:3      | Mangled by an ogre

Illustrated notes

Levels and vault maps discovered:
D:1:      zelgadis_glass_arrival_small, layout_loops_ring,
          minmay_misc_feat_encased
D:2:      layout_basic, shapermc_ecumenical_altar_mp_ritualfount, basic_altar,
          chequers_serial_rivers_large_a
D:3:      layout_loops_ring, general_overflow_altar, serial_shops, shop,
          minmay_strange_pillars, st_stairs_8, eino_tiny_chamber, dk_vineyard_3

Action                   || total
-------------------------++-------
Melee: Unarmed           ||     2
       Bite              ||     1
 Cast: Freeze            ||     2
  Use: Potion            ||     2
Dodge: Dodged            ||     3

Table legend: (Time is in decaauts)
 A = Elapsed time spent in this place.
 B = Non-inter-level travel time spent in this place.
 C = Inter-level travel time spent in this place.
 D = Time resting spent in this place.
 E = Time spent auto-exploring this place.
 F = Levels seen in this place.
 G = Mean time per level.
                   A        B        C        D        E       F      G
               +--------+--------+--------+--------+--------+-----+--------+
         Total |    171 |    171 |      0 |      0 |      0 |   3 |   57.0 |
       Dungeon |    171 |    171 |      0 |      0 |      0 |   3 |   57.0 |
               +--------+--------+--------+--------+--------+-----+--------+

Top non-repeatable levels by time:
     D:2: 119 daAuts
     D:1: 47 daAuts
     D:3: 4 daAuts
